SL
CHICAGO GOLD SOX @ VANCOUVER GREY WOLVES
09/20/2028
 
TOP OF THE 1ST
Chicago Gold Sox batting - Pitching for Vancouver Grey Wolves : RHP Erasmo Monteagudo
Pitching: RHP Erasmo Monteagudo
Batting: LHB Noel Ballard 0-0: Ball
1-0: Ball
2-0: Ball
3-0: Base on Balls
Batting: LHB Melvin Castro 0-0: Swinging Strike
0-1: DOUBLE (Line Drive, 9LM)
Noel Ballard to third
Batting: LHB Dewitt Hopper 0-0: Foul Ball, location: 2F
0-1: Ground out 4-3 (Groundball, 4)
Noel Ballard scores
Melvin Castro to third
Batting: LHB Eddie Flynn 0-0: Ball
1-0: Called Strike
1-1: Ball
2-1: Foul Ball, location: 2F
2-2: Ground out 1-3 (Groundball, 13S)
Batting: RHB Ben Kennerly 0-0: Called Strike
0-1: Ball
1-1: Swinging Strike
1-2: Strikes out swinging
Top of the 1st over - 1 run(s), 1 hit(s), 0 error(s), 1 left on base; Chicago 1 - Vancouver 0
BOTTOM OF THE 1ST
Vancouver Grey Wolves batting - Pitching for Chicago Gold Sox : RHP Woody Carlson
Pitching: RHP Woody Carlson
Batting: RHB José Jarca 0-0: Swinging Strike
0-1: Ball
1-1: Called Strike
1-2: SINGLE (Groundball, 6MD)
Batting: LHB Preston Witt 0-0: Foul Ball, location: 2F
0-1: Called Strike
0-2: Ball
1-2: Foul Ball, location: 2F
1-2: Ball
2-2: Fly out, F8 (Line Drive, 8RM)
Batting: SHB Ted Striker 0-0: Ball
1-0: Called Strike
1-1: Called Strike
José Jarca is caught stealing 2nd base
1-2: Ball
2-2: DOUBLE (Line Drive, 8LD)
Batting: LHB Gustavo Cortéz 0-0: Ball
1-0: Ball
2-0: Ground out 3-1 (Groundball, 34)
Bottom of the 1st over - 0 run(s), 2 hit(s), 0 error(s), 1 left on base; Chicago 1 - Vancouver 0
TOP OF THE 2ND
Chicago Gold Sox batting - Pitching for Vancouver Grey Wolves : RHP Erasmo Monteagudo
Batting: LHB Stanley Belote 0-0: Ball
1-0: Ball
2-0: Ball
3-0: Called Strike
3-1: Ground out 4-3 (Groundball, 4)
Batting: LHB Ricardo Collazo 0-0: Foul Ball, location: 2F
0-1: Called Strike
0-2: Ball
1-2: Foul Ball, location: 2F
1-2: Strikes out looking
Batting: LHB Roberto Veliz 0-0: Ball
1-0: Called Strike
1-1: Ground out 6-3 (Groundball, 6M)
Top of the 2nd over - 0 run(s), 0 hit(s), 0 error(s), 0 left on base; Chicago 1 - Vancouver 0
BOTTOM OF THE 2ND
Vancouver Grey Wolves batting - Pitching for Chicago Gold Sox : RHP Woody Carlson
Batting: SHB Seishiro Nishimura 0-0: Ball
1-0: Foul Ball, location: 2F
1-1: Foul Ball, location: 2F
1-2: Ground out 3-1 (Groundball, 34)
Batting: RHB Hank Scorpio 0-0: Ball
1-0: Ball
2-0: Fly out, F9 (Flyball, 89S)
Batting: LHB Aquiles Marmelo 0-0: Ball
1-0: Ball
2-0: Ball
3-0: Called Strike
3-1: Foul Ball, location: 2F
3-2: Foul Ball, location: 2F
3-2: Strikes out swinging
Bottom of the 2nd over - 0 run(s), 0 hit(s), 0 error(s), 0 left on base; Chicago 1 - Vancouver 0
TOP OF THE 3RD
Chicago Gold Sox batting - Pitching for Vancouver Grey Wolves : RHP Erasmo Monteagudo
Batting: SHB Lupo Cotto 0-0: Called Strike
0-1: Ball
1-1: SINGLE (Line Drive, 7S)
Batting: LHB Noel Ballard 0-0: Ball
1-0: Ball
2-0: Ball
3-0: Base on Balls
Lupo Cotto to second
Batting: LHB Melvin Castro 0-0: Called Strike
0-1: Ball
1-1: Foul Ball, location: 2F
1-2: Foul Ball, location: 2F
1-2: SINGLE (Line Drive, 89S)
Lupo Cotto to third
Noel Ballard to second
Batting: LHB Dewitt Hopper 0-0: SINGLE (Groundball, 4D)
Lupo Cotto scores
Noel Ballard to third
Melvin Castro to second
Runner from 3rd tries for Home, SAFE, throw made home
Batting: LHB Eddie Flynn 0-0: Foul Ball, location: 2F
0-1: Fly out, F7 (Line Drive, 7S)
Batting: RHB Ben Kennerly 0-0: Called Strike
0-1: Ball
1-1: Fly out, F7 (Line Drive, 7LD)
Runner from 2nd tags up, SAFE at 3rd, no throw
Batting: LHB Stanley Belote 0-0: Ball
1-0: Ball
2-0: Called Strike
2-1: Foul Ball, location: 2F
2-2: Foul Ball, location: 2F
2-2: Foul Ball, location: 2F
2-2: Foul Ball, location: 2F
2-2: Foul Ball, location: 2F
2-2: SINGLE (Flyball, 7S)
Melvin Castro scores
Dewitt Hopper to second
Batting: LHB Ricardo Collazo 0-0: Ball
1-0: Called Strike
1-1: Ball
2-1: Called Strike
2-2: Ball
3-2: Ground out 4-3 (Groundball, 4)
Top of the 3rd over - 3 run(s), 4 hit(s), 0 error(s), 2 left on base; Chicago 4 - Vancouver 0
BOTTOM OF THE 3RD
Vancouver Grey Wolves batting - Pitching for Chicago Gold Sox : RHP Woody Carlson
Batting: RHB Hugh Mungus 0-0: Called Strike
0-1: Called Strike
0-2: Ground out 6-3 (Groundball, 6)
Batting: RHB Juan Martínez 0-0: Foul Ball, location: 2F
0-1: Swinging Strike
0-2: Ball
1-2: Strikes out swinging
Batting: RHB José Jarca 0-0: Fly out, F8 (Flyball, 8LD)
Bottom of the 3rd over - 0 run(s), 0 hit(s), 0 error(s), 0 left on base; Chicago 4 - Vancouver 0
TOP OF THE 4TH
Chicago Gold Sox batting - Pitching for Vancouver Grey Wolves : RHP Erasmo Monteagudo
Batting: LHB Roberto Veliz 0-0: Ball
1-0: Swinging Strike
1-1: Foul Ball, location: 2F
1-2: Strikes out swinging
Batting: SHB Lupo Cotto 0-0: Foul Ball, location: 2F
0-1: Ball
1-1: Foul Ball, location: 2F
1-2: Strikes out swinging
Batting: LHB Noel Ballard 0-0: Foul Ball, location: 2F
0-1: Ball
1-1: Ground out 6-3 (Groundball, 6)
Top of the 4th over - 0 run(s), 0 hit(s), 0 error(s), 0 left on base; Chicago 4 - Vancouver 0
BOTTOM OF THE 4TH
Vancouver Grey Wolves batting - Pitching for Chicago Gold Sox : RHP Woody Carlson
Batting: LHB Preston Witt 0-0: Called Strike
0-1: Ball
1-1: Ball
2-1: Called Strike
2-2: Ball
3-2: Strikes out swinging
Batting: SHB Ted Striker 0-0: Foul Ball, location: 2F
0-1: Foul Ball, location: 2F
0-2: Strikes out swinging
Batting: LHB Gustavo Cortéz 0-0: SINGLE (Flyball, 8RS)
Batting: SHB Seishiro Nishimura 0-0: Ground out 4-3 (Groundball, 4S)
Bottom of the 4th over - 0 run(s), 1 hit(s), 0 error(s), 1 left on base; Chicago 4 - Vancouver 0
TOP OF THE 5TH
Chicago Gold Sox batting - Pitching for Vancouver Grey Wolves : RHP Erasmo Monteagudo
Batting: LHB Melvin Castro 0-0: SINGLE (Groundball, 56S) (infield hit)
Batting: LHB Dewitt Hopper 0-0: Fly out, F9 (Flyball, 9S)
Batting: LHB Eddie Flynn 0-0: Called Strike
0-1: Grounds into double play, 6-4-3 (Groundball, 56D)
Top of the 5th over - 0 run(s), 1 hit(s), 0 error(s), 0 left on base; Chicago 4 - Vancouver 0
BOTTOM OF THE 5TH
Vancouver Grey Wolves batting - Pitching for Chicago Gold Sox : RHP Woody Carlson
Batting: RHB Hank Scorpio 0-0: Ball
1-0: Fly out, F9 (Flyball, 9LMF)
Batting: LHB Aquiles Marmelo 0-0: Ball
1-0: Foul Ball, location: 2F
1-1: Ground out U3 (Groundball, 3L)
Batting: RHB Hugh Mungus 0-0: Called Strike
0-1: Ball
1-1: SINGLE (Line Drive, 34)
Batting: RHB Juan Martínez 0-0: Swinging Strike
0-1: Fly out, F9 (Flyball, 9LMF)
Bottom of the 5th over - 0 run(s), 1 hit(s), 0 error(s), 1 left on base; Chicago 4 - Vancouver 0
TOP OF THE 6TH
Chicago Gold Sox batting - Pitching for Vancouver Grey Wolves : RHP Erasmo Monteagudo
Batting: RHB Ben Kennerly 0-0: Called Strike
0-1: Ball
1-1: Ground out 5-3 (Groundball, 5)
Batting: LHB Stanley Belote 0-0: Fly out, F9 (Flyball, 89D)
Batting: LHB Ricardo Collazo 0-0: Ball
1-0: Ball
2-0: Ground out U3 (Groundball, 34)
Top of the 6th over - 0 run(s), 0 hit(s), 0 error(s), 0 left on base; Chicago 4 - Vancouver 0
BOTTOM OF THE 6TH
Vancouver Grey Wolves batting - Pitching for Chicago Gold Sox : RHP Woody Carlson
Batting: RHB José Jarca 0-0: Ball
1-0: Ball
2-0: Called Strike
2-1: Ball
3-1: Ground out 5-3 (Groundball, 56)
Batting: LHB Preston Witt 0-0: Foul Ball, location: 2F
0-1: Foul Ball, location: 2F
0-2: Foul Ball, location: 2F
0-2: Foul Ball, location: 2F
0-2: Ball
1-2: SINGLE (Line Drive, 78S)
Batting: SHB Ted Striker 0-0: Ground out U3 (Groundball, 34)
Preston Witt to second
Batting: LHB Gustavo Cortéz 0-0: Foul Ball, location: 2F
0-1: Ball
1-1: Swinging Strike
1-2: Ball
2-2: Ground out 4-3 (Groundball, 34)
Bottom of the 6th over - 0 run(s), 1 hit(s), 0 error(s), 1 left on base; Chicago 4 - Vancouver 0
TOP OF THE 7TH
Chicago Gold Sox batting - Pitching for Vancouver Grey Wolves : RHP Erasmo Monteagudo
Batting: LHB Roberto Veliz 0-0: Called Strike
0-1: Foul Ball, location: 2F
0-2: SINGLE (Groundball, 4MD)
Batting: SHB Lupo Cotto 0-0: Ball
1-0: Ball
2-0: Called Strike
2-1: Called Strike
2-2: Fly out, F7 (Flyball, 78M)
Batting: LHB Noel Ballard 0-0: Ball
1-0: Foul Ball, location: 2F
1-1: Foul Ball, location: 2F
1-2: Ball
2-2: SINGLE (Line Drive, 9LM)
Roberto Veliz to second
Runner from 2nd tries for 3rd, SAFE, no throw
Pitching: LHP Sergio Hernández
Batting: LHB Melvin Castro 0-0: 3-RUN HOME RUN (Flyball, 9LD), Distance : 336 ft
Batting: LHB Dewitt Hopper 0-0: Foul Ball, location: 2F
0-1: Called Strike
0-2: Strikes out swinging
Pitching: RHP Tyler Rodríguez
Batting: LHB Eddie Flynn 0-0: Fly out, F3 (Line Drive, 34)
Top of the 7th over - 3 run(s), 3 hit(s), 0 error(s), 0 left on base; Chicago 7 - Vancouver 0
BOTTOM OF THE 7TH
Vancouver Grey Wolves batting - Pitching for Chicago Gold Sox : RHP Woody Carlson
Batting: SHB Seishiro Nishimura 0-0: Called Strike
0-1: Ball
1-1: Swinging Strike
1-2: SINGLE (Groundball, 4MD)
Batting: RHB Hank Scorpio 0-0: Called Strike
0-1: Ball
1-1: Swinging Strike
1-2: Fly out, F3 (Line Drive, 34)
Pitching: LHP Jesús Tejeda
Batting: LHB Aquiles Marmelo 0-0: SINGLE (Line Drive, 7S)
Seishiro Nishimura to second
Batting: RHB Hugh Mungus 0-0: SINGLE (Line Drive, 7LM)
Seishiro Nishimura to third
Aquiles Marmelo to second
Batting: RHB Juan Martínez 0-0: Called Strike
0-1: Ball
1-1: SINGLE (Groundball, 6MD)
Seishiro Nishimura scores
Aquiles Marmelo to third
Hugh Mungus to second
Runner from 3rd tries for Home, throw and OUT!
Hugh Mungus to third
Juan Martínez to second
Batting: RHB José Jarca 0-0: Ball
1-0: Called Strike
1-1: Ground out 5-3 (Groundball, 56S)
Bottom of the 7th over - 1 run(s), 4 hit(s), 0 error(s), 2 left on base; Chicago 7 - Vancouver 1
TOP OF THE 8TH
Chicago Gold Sox batting - Pitching for Vancouver Grey Wolves : RHP Tyler Rodríguez
Batting: RHB Ben Kennerly 0-0: Ball
1-0: Foul Ball, location: 2F
1-1: Called Strike
1-2: Strikes out swinging
Batting: LHB Stanley Belote 0-0: Ball
1-0: Ball
2-0: Ball
3-0: Called Strike
3-1: Foul Ball, location: 2F
3-2: Base on Balls
Batting: LHB Ricardo Collazo 0-0: Swinging Strike
0-1: Ball
1-1: Foul Ball, location: 2F
1-2: Ball
2-2: Ball
3-2: Strikes out swinging
Batting: LHB Roberto Veliz 0-0: Called Strike
Stanley Belote steals 2nd base
0-1: Ball
1-1: Ground out 4-3 (Groundball, 34)
Top of the 8th over - 0 run(s), 0 hit(s), 0 error(s), 1 left on base; Chicago 7 - Vancouver 1
BOTTOM OF THE 8TH
Vancouver Grey Wolves batting - Pitching for Chicago Gold Sox : LHP Jesús Tejeda
Batting: LHB Preston Witt 0-0: Ball
1-0: Foul Ball, location: 2F
1-1: Fly out, F8 (Flyball, 8RM)
Batting: SHB Ted Striker 0-0: Foul Ball, location: 2F
0-1: Ground out 5-3 (Groundball, 56S)
Batting: LHB Gustavo Cortéz 0-0: Called Strike
0-1: Foul Ball, location: 2F
0-2: Strikes out swinging
Bottom of the 8th over - 0 run(s), 0 hit(s), 0 error(s), 0 left on base; Chicago 7 - Vancouver 1
TOP OF THE 9TH
Chicago Gold Sox batting - Pitching for Vancouver Grey Wolves : RHP Tyler Rodríguez
Batting: SHB Lupo Cotto 0-0: Called Strike
0-1: Ball
1-1: Fly out, F8 (Flyball, 8RM)
Batting: LHB Noel Ballard 0-0: Ball
1-0: Ball
2-0: Ball
3-0: Base on Balls
Pitching: RHP Manny Caraballo
Batting: LHB Melvin Castro 0-0: Called Strike
0-1: Ball
1-1: Foul Ball, location: 2F
1-2: Ball
2-2: Strikes out swinging
Batting: LHB Dewitt Hopper 0-0: Called Strike
0-1: Ground out 4-3 (Groundball, 4S)
Top of the 9th over - 0 run(s), 0 hit(s), 0 error(s), 1 left on base; Chicago 7 - Vancouver 1
BOTTOM OF THE 9TH
Vancouver Grey Wolves batting - Pitching for Chicago Gold Sox : LHP Jesús Tejeda
Now at C: Manuel Guillama
Batting: SHB Seishiro Nishimura 0-0: Called Strike
0-1: Foul Ball, location: 2F
0-2: Fly out, F9 (Line Drive, 9)
Batting: RHB Hank Scorpio 0-0: Called Strike
0-1: Ground out U3 (Groundball, 34)
Batting: LHB Aquiles Marmelo 0-0: SOLO HOME RUN (Flyball, 8RD), Distance : 421 ft
Pitching: RHP Javier Dávila
Batting: RHB Hugh Mungus 0-0: Fly out, F7 (Flyball, 7S)
Bottom of the 9th over - 1 run(s), 1 hit(s), 0 error(s), 0 left on base; Chicago 7 - Vancouver 2
Thursday, September 7th, 2017 - OOTP Baseball 17.12 Build 75